 Dungeon Crawl Stone Soup version 0.29-a0-275-g389c0b56f3 (webtiles) character file.

Game seed: 17437671500474193355

4 namelastname112 the Chiller (level 1, -4/15 HPs)
             Began as a Draconian Ice Elementalist on Mar 12, 2022.
             Frozen to death by an endoplasm (5 damage)
             ... on level 1 of the Dungeon.
             The game lasted 00:00:22 (42 turns).

namelastname112 the Chiller (DrIE)                    Turns: 42, Time: 00:00:22

Health: -4/15      AC:  4    Str: 10    XL:     1   Next: 50%
Magic:  1/3        EV: 12    Int: 15    God:
Gold:   0          SH:  0    Dex: 11    Spells: 3/4 levels left

rFire   . . .      SeeInvis .   (no weapon)
rCold   . . .      Faith    .   (no shield)
rNeg    . . .      Spirit   .   (body armour unavailable)
rPois   .          Reflect  .   (helmet restricted)
rElec   .          Harm     .   (no cloak)
rCorr   .          Rampage  .   (no gloves)
Will    .....                   (no boots)
Stlth   ++........              (no amulet)
HPRegen 0.05/turn               (no ring)
MPRegen 0.08/turn               (no ring)

@: no status effects
A: AC +4, unfitting armour, cold-blooded
a: no special abilities


You were on level 1 of the Dungeon.
You visited 1 branch of the dungeon, and saw 1 of its levels.

Inventory:

Potions
 a - a potion of magic


   Skills:
 + Level 0.3 Fighting
 + Level 1.8 Dodging
 - Level 1.7 Stealth
 + Level 2.0 Spellcasting
 + Level 4.0 Ice Magic


You had 3 spell levels left.
You knew the following spells:

 Your Spells              Type           Power      Damage    Failure   Level
z - Freeze                Ice            52%        1d7       4%          1

Your spell library contained the following spells:

 Spells                   Type           Power      Damage    Failure   Level
 Frozen Ramparts          Ice            26%        1d4       13%         3
 Ozocubu's Armour         Ice            13%        N/A       13%         3
 Hailstorm                Conj/Ice       7%         3d4       67%         4


Dungeon Overview and Level Annotations

Branches:
Dungeon (1/15)

Altars:


Innate Abilities, Weirdness & Mutations

Your plain brown scales are hard. (AC +4)
You cannot fit into any form of body armour.
You are cold-blooded and may be slowed by cold attacks.


Message History

You freeze the frilled lizard!
You annihilate the frilled lizard!!!
You now have 1/3 mp!
Casting: Freeze (safe; 4% risk of failure)
Confirm with ! or Enter, or press ? or * to list all spells!
Aiming: Freeze (safe; 4% risk of failure)
Press: ? - help, Shift-Dir - straight line, f - kobold
Aim: a kobold, wielding a +0 dagger You freeze the kobold!
The kobold is moderately wounded!
The kobold hits you but does no damage!
You now have 0/3 mp!
A bat and a hobgoblin come into view!
The hobgoblin shouts!!!
A bat comes into view!
You closely miss the kobold!
The kobold is moderately wounded!
The kobold hits you but does no damage!
You closely miss the kobold!
You tail-slap the kobold, but do no damage!
The kobold is moderately wounded!
The kobold hits you but does no damage!
You closely miss the kobold! The bat hits you but does no damage!
The bat barely misses you! The kobold hits you but does no damage!
You beat the kobold but do no damage!
Your tail-slap misses the kobold!
The bat hits you but does no damage! x3; The kobold closely misses you!
You pummel the kobold but do no damage! The bat misses you!
The bat hits you but does no damage! The bat hits you! * * * don't die
* * * The bat misses you!
The kobold hits you but does no damage!
You take 1 damage, and have 1/14 hp!
You barely miss the kobold! You tail-slap the kobold!
You annihilate the kobold!!!
The bat barely misses you! x3
You pound the endoplasm into fine dust!
The endoplasm is lightly wounded!
The bat barely misses you! x2
The endoplasm freezes you!
You are frozen! rip

.# #. .. ## . ... .#..#
###....## #bbg..... #@#
#......#. #J# ......≈.
#.# ...)..≈ #.# ...§.
.. #.# ####≈≈§## ≈≈≈ #
#.###.#..§.§#§..$
#...###.....≈..⌠§.≈..$.
^...........≈§.<..§§...
......####..#.....#....


You could see an endoplasm, a hobgoblin and 2 bats.

Vanquished Creatures
  A giant cockroach (D:1)
  A quokka (D:1)
  A frilled lizard (D:1)
  A kobold (D:1)
4 creatures vanquished.

Notes
Turn   | Place    | Note
-------+----------+-------------------------------------------
     0 | D:1      | namelastname112 the Draconian Ice Elementalist began the
                  | quest for the Orb.
     0 | D:1      | Reached XP level 1. HP: 14/14 MP: 3/3
    42 | D:1      | Frozen to death by an endoplasm

Illustrated notes

Levels and vault maps discovered:
D:1:      dpeg_arrival_rooms_with_view, layout_loops_ring,
          chequers_ecumenical_altar_simple_redux, st_stairs_4

Action                   || total
-------------------------++-------
Melee: Unarmed           ||    15
       Tailslap          ||     3
 Cast: Freeze            ||     3
Armor: Skin              ||    26
Dodge: Dodged            ||    22

Table legend: (Time is in decaauts)
 A = Elapsed time spent in this place.
 B = Non-inter-level travel time spent in this place.
 C = Inter-level travel time spent in this place.
 D = Time resting spent in this place.
 E = Time spent auto-exploring this place.
 F = Levels seen in this place.
 G = Mean time per level.
                   A        B        C        D        E       F      G
               +--------+--------+--------+--------+--------+-----+--------+
         Total |     44 |     44 |      0 |      0 |      3 |   1 |   44.0 |
       Dungeon |     44 |     44 |      0 |      0 |      3 |   1 |   44.0 |
               +--------+--------+--------+--------+--------+-----+--------+

Top non-repeatable levels by time:
     D:1: 44 daAuts
